 Dungeon Crawl Stone Soup version 0.27.1-3-gb3d3a73c9e (webtiles) character file.

Game seed: 221623164449868577

1423 Crownlay the Cleaver (level 8, -15/74 HPs)
             Began as a Hill Orc Fighter on Oct 23, 2021.
             Demolished by an ogre (17 damage)
             ... on level 6 of the Dungeon.
             The game lasted 00:10:34 (7678 turns).

Crownlay the Cleaver (Hill Orc Fighter)             Turns: 7678, Time: 00:10:35

Health: -15/74     AC:  8    Str: 21    XL:     8   Next: 72%
Magic:  8/8        EV:  9    Int: 14    God:
Gold:   244        SH:  0    Dex: 10    Spells: 7/7 levels left

rFire    . . .     SeeInvis .   a - +0 war axe
rCold    . . .     Faith    .   (no shield)
rNeg     + . .     Spirit   .   b - +0 scale mail
rPois    .         Reflect  .   (no helmet)
rElec    .         Harm     .   (no cloak)
rCorr    .         Rampage  .   r - +0 pair of gloves
Will     .....                  (no boots)
Stlth    ..........             i - amulet of the acrobat
HPRegen  0.22/turn              u - +6 ring of intelligence
MPRegen  0.11/turn              d - ring of positive energy

@: mighty
A: no striking features
a: no special abilities


You were on level 6 of the Dungeon.
You visited 2 branches of the dungeon, and saw 7 of its levels.

You collected 301 gold pieces.
You spent 57 gold pieces at shops.

Inventory:

Hand Weapons
 a - a +0 war axe (weapon)
 F - a +1 flail of holy wrath
Missiles
 g - 7 atropa-tipped darts (quivered)
Armour
 b - a +0 scale mail (worn)
 c - a +0 kite shield
 r - a +0 pair of gloves (worn)
Jewellery
 d - a ring of positive energy (right hand)
 i - an amulet of the acrobat (around neck)
 u - a +6 ring of intelligence (left hand)
 w - a ring of flight
 I - a ring of protection from cold
Wands
 A - a wand of flame (18)
 E - a wand of paralysis (1)
 G - a wand of acid (5)
 H - a wand of digging (2)
Scrolls
 f - 2 scrolls of noise
 k - 3 scrolls of immolation {unknown}
 m - a scroll of vulnerability {unknown}
 n - 2 scrolls of magic mapping {unknown}
 o - 2 scrolls of identify {unknown}
 q - a scroll of amnesia {unknown}
 s - 4 scrolls of teleportation {unknown}
 x - 2 scrolls of fog {unknown}
 y - a scroll of enchant weapon {unknown}
 B - a scroll of blinking {unknown}
 C - a scroll of torment {unknown}
 D - a scroll of enchant armour {unknown}
Potions
 e - 5 potions of curing {unknown}
 h - a potion of lignification {unknown}
 j - 2 potions of berserk rage {unknown}
 l - a potion of flight {unknown}
 p - a potion of brilliance {unknown}
 t - 2 potions of degeneration {unknown}
 v - a potion of heal wounds {unknown}


   Skills:
 + Level 8.1 Fighting
 * Level 11.3 Axes
 - Level 3.2 Armour
 - Level 3.2 Shields


You had 7 spell levels left.
You didn't know any spells.
Your spell library contained the following spells:

 Spells                   Type           Power      Damage    Failure   Level
 Magic Dart               Conj           0%         1d3       61%         1
 Call Imp                 Summ           0%         N/A       75%         2
 Conjure Flame            Conj/Fire      0%         6-21      93%         3
 Ignite Poison            Fire/Tmut/Pois 0%         N/A       93%         3
 Mephitic Cloud           Conj/Pois/Air  0%         N/A       93%         3
 Sticky Flame             Conj/Fire      0%         2d3       100%        4


Dungeon Overview and Level Annotations

Branches:
Dungeon (6/15)             Temple (1/1) D:5

Altars:
Cheibriados
Dithmenos
Elyvilon
Fedhas
Hepliaklqana
Kikubaaqudgha
Qazlal
Ru
Trog
Uskayaw
Vehumet
Wu Jian
Zin
The Shining One

Shops:
D:4 *

Annotations:
D:4 3 runed translucent doors, MisterFreud's ghost, amateur GnVM


Message History

You are too injured to fight recklessly!
You barely miss the ogre.
The ogre is lightly wounded.
The ogre hits you with a +0 giant club!!
* * * LOW HITPOINT WARNING * * *
You hit the ogre.
The ogre is moderately wounded.
The ogre hits you with a +0 giant club!
* * * LOW HITPOINT WARNING * * *
You feel very mighty all of a sudden.
You slash the ogre!
The ogre is severely wounded.
The ogre completely misses you.
You slash the ogre!
The ogre is almost dead.
The ogre barely misses you.
You slice the ogre!!
You kill the ogre!
Your Fighting skill increases to level 8!
You hit the hound.
The hound is moderately wounded.
The hound barely misses you.
You slash the hound!
The hound is almost dead.
The hound bites you.
* * * LOW HITPOINT WARNING * * *
The hound bites you but does no damage.
You barely miss the hound.
The hound is almost dead.
The hound bites you.
* * * LOW HITPOINT WARNING * * *
You completely miss the hound.
The hound is almost dead.
The hound bites you but does no damage. x2
You slice the hound!!
You kill the hound!
You slash the ogre!
The ogre is heavily wounded.
The ogre hits you with a +0 giant club!
You die...

#.# #..........#
##...### #.##
#...###.##.#
###...## ...# #...#
#.##.# ###....##
.### #...#
#.##.######.....##
## #...#
#.##...........##
###...#
#.##..#......### ##
#.(####
#.##..##...###
.####.# #.##..######
...##.# #....@#
.####.# #####O# ##
#.# #)...........#
##.####.####.......#
## #.......#
#.......#
.###.#######
#......... ...#.#
#......... #....#
#......... ######
#.........


You could see an ogre.

Vanquished Creatures
  A shadow (D:5)
  An ice beast (D:5)
  2 necrophages
  2 ogres
  Blork the orc (D:3)
  A scorpion (D:4)
  A howler monkey (D:6)
  2 bullfrog zombies
  A hound (D:6)
  2 jellies
  2 orc priests
  2 bullfrog skeletons (D:5)
  3 iguanas (D:5)
  5 orc wizards
  7 gnolls
  4 adders
  An ufetubus (D:6)
  2 adder skeletons (D:4)
  2 worms
  A dart slug (D:3)
  15 orcs
  An endoplasm (D:1)
  A giant cockroach (D:1)
  4 goblins
  7 hobgoblins
  4 jackals (D:1)
  9 kobolds
  2 quokkas
  5 ball pythons
  5 bats
  A frilled lizard (D:2)
  2 rats
99 creatures vanquished.

Notes
Turn   | Place    | Note
-------+----------+-------------------------------------------
     0 | D:1      | Crownlay the Hill Orc Fighter began the quest for the Orb.
     0 | D:1      | Reached XP level 1. HP: 19/19 MP: 1/1
   235 | D:1      | Reached skill level 3 in Axes
   527 | D:1      | Reached XP level 2. HP: 21/27 MP: 2/2
  1126 | D:1      | Found a faded altar of an unknown god.
  1192 | D:2      | Reached skill level 4 in Axes
  1205 | D:2      | Reached XP level 3. HP: 31/33 MP: 3/3
  1959 | D:2      | Reached XP level 4. HP: 27/41 MP: 4/4
  2139 | D:1      | Reached skill level 5 in Axes
  2976 | D:3      | You fall into a shaft and drop 2 floors!
  2976 | D:5      | Entered Level 5 of the Dungeon
  3004 | D:5      | Reached XP level 5. HP: 35/47 MP: 5/5
  3150 | D:5      | Reached skill level 6 in Axes
  3419 | D:5      | Noticed a shadow
  3429 | D:5      | Killed a shadow
  3430 | D:5      | Reached skill level 5 in Fighting
  3430 | D:5      | Reached skill level 7 in Axes
  3430 | D:5      | Reached XP level 6. HP: 9/56 MP: 6/6
  3899 | D:3      | Found a snail-covered altar of Cheibriados.
  4329 | D:4      | Noticed Blork the orc
  4333 | D:4      | Noticed a necrophage
  4389 | D:3      | Killed Blork the orc
  4390 | D:3      | HP: 2/55 [orc (5)]
  4392 | D:3      | Killed a necrophage
  4393 | D:3      | Reached skill level 8 in Axes
  4393 | D:3      | Reached XP level 7. HP: 2/63 MP: 7/7
  5241 | D:4      | Found an ornate altar of the Wu Jian Council.
  5241 | D:4      | Found an ancient bone altar of Kikubaaqudgha.
  5296 | D:4      | Found Vuughy's Assorted Antiques.
  5298 | D:4      | Found a runed translucent gate.
  5299 | D:4      | Bought a scroll labelled VINOBI YTURO for 19 gold pieces
  5299 | D:4      | Bought a scroll labelled YNWARE TIOT for 19 gold pieces
  5299 | D:4      | Bought a scroll labelled PIBASTR TYTTI for 19 gold pieces
  5321 | D:4      | Reached skill level 9 in Axes
  5751 | D:4      | Found a runed translucent gate.
  5751 | D:4      | Found a runed translucent gate.
  5752 | D:4      | Noticed MisterFreud's ghost (amateur GnVM)
  6021 | D:5      | Reached XP level 8. HP: 25/73 MP: 8/8
  6254 | D:5      | Found a radiant altar of Vehumet.
  6267 | D:5      | Reached skill level 10 in Axes
  6420 | D:5      | Found a staircase to the Ecumenical Temple.
  6426 | Temple   | Entered the Ecumenical Temple
  7505 | D:6      | Reached skill level 11 in Axes
  7668 | D:6      | HP: 3/74 [ogre (9)]
  7674 | D:6      | HP: 2/74 [hound (2)]
  7678 | D:6      | Demolished by an ogre

Illustrated notes

Levels and vault maps discovered:
D:1:      dpeg_arrival_castle, layout_loops_ring,
          shapermc_ecumenical_altar_petra, st_stairs_4
D:2:      layout_loops_ring, minmay_misc_feat_four_crosses, st_stairs_4
D:3:      layout_loops_cross, lemuel_round_altar
D:4:      layout_rooms, mainiacjoe_overflow_divided_tiny, serial_shops,
          nicolae_shop_window_shopping, gammafunk_ghost_nasty_kobolds,
          kennysheep_generic_room_13, uniq_blork_the_orc
D:5:      layout_basic, vehumet_altar_wand_db, minmay_temple_entry_hall
D:6:      layout_basic, serial_curves, eino_curves_01, eino_curves_03
Temple:   zaba_magenta_temple

Skill      XL: |  1  2  3  4  5  6  7  8 |
---------------+-------------------------+-----
Axes           | 3 4 5 7 8 9 11 | 11.3
Fighting       | 4 5 6 7 8 |  8.1
Armour         | |  3.2
Shields        | |  3.2

Action                   |  1- 3 |  4- 6 |  7- 9 || total
-------------------------+-------+-------+-------++-------
Melee: War axe           |   108 |    88 |   166 ||   362
Throw: Dart              |       |       |    21 ||    21
  Use: Scroll            |       |     1 |       ||     1
       Potion            |       |     1 |     1 ||     2
 Stab: Invisible         |       |       |     4 ||     4
Armor: Scale mail        |    48 |    38 |    65 ||   151
Dodge: Dodged            |    88 |    55 |    66 ||   209
